 Dungeon Crawl Stone Soup version 0.30-a0-847-g17996783a1 (webtiles) character file.

Game seed: 4747860037818385141

357 demibob the Shield-Bearer (level 6, 0/37 HPs)
             Began as a Gargoyle Fighter on Mar 4, 2023.
             Slain by a scorpion (5 damage)
             ... on level 4 of the Dungeon.
             The game lasted 00:04:29 (2449 turns).

demibob the Shield-Bearer (Gargoyle Fighter)        Turns: 2449, Time: 00:04:30

Health: 0/37       AC: 11    Str: 21      XL:     6   Next: 64%
Magic:  6/6        EV:  9    Int:  9      God:
Gold:   145        SH:  9    Dex:  8 (9)  Spells: 5/5 levels left

rFire   . . .      SeeInvis .    a - +0 flail
rCold   . . .      Faith    .    c - +0 buckler
rNeg    + . .      Spirit   .    b - +0 scale mail
rPois   ∞          Reflect  +    (no helmet)
rElec   +          Rampage  .    (no cloak)
rCorr   .                        (no gloves)
Will    .....                    (no boots) Stlth
                                 g - amulet of reflection
HPRegen 0.26/turn                (no ring)
MPRegen 0.10/turn                (no ring)

@: mighty
A: sickness immunity, AC +4, negative energy resistance 1, electricity
resistance, torment resistance 1, petrification resistance
a: no special abilities


You were on level 4 of the Dungeon.
You visited 1 branch of the dungeon, and saw 4 of its levels.

You collected 145 gold pieces.


Innate Abilities, Weirdness & Mutations

You are immune to sickness and miasma.
Your stone body is resilient. (AC +4)
You are immune to poison.
You resist negative energy. (rN+)
You are resistant to electric shocks. (rElec)
You are resistant to unholy torment.
You are immune to petrification.


   Skills:
 - Level 3.2 Fighting
 + Level 5.2 Maces & Flails
 - Level 3.2 Armour
 - Level 5.8 Shields


You had 5 spell levels left.
You didn't know any spells.
Your spell library contained the following spells:

 Spells                   Type           Power      Damage    Failure   Level
 Wereblood                Tmut           0%         N/A       91%         2
 Summon Hydra             Summ           0%         N/A       100%        7
 Sublimation of Blood     Necr           Unusable   N/A       N/A         2

Inventory:

Hand Weapons
 a - a +0 flail (weapon)
Missiles
 e - 3 throwing nets {=f}
Armour
 b - a +0 scale mail (worn)
 c - a +0 buckler (worn)
Jewellery
 g - an amulet of reflection (around neck)
Scrolls
 f - a scroll of poison
Potions
 j - a potion of mutation
 k - a potion of magic
 m - 2 potions of resistance
 n - a potion of lignification

Dungeon Overview and Level Annotations

Branches:
Dungeon (4/15)
 Temple: D:4-7

Altars:

Shops:
D:3

! ... ##P~P~~~.# ...
###.# #..PPP.~.....
...#####......###.#
.....##..........###.
#.##.###...{.........
#.##.....####{#####.
#####..#...#.# #K.#
.........#.).# #s##
##...PP#####.# #@#
##....# #..#..#
...P...# #....##
#####....# #......
##.#.. #.....#..
#.###....⌠..# # #.#
###.....# #......


You could see a scorpion and a kobold.


Message History

The puff of flame hits the orc wizard!
You closely miss the orc wizard.
The orc wizard is heavily wounded.
The orc wizard hits you with a +0 dagger.
* * * LOW HITPOINT WARNING * * *
You closely miss the orc wizard.
The orc wizard is heavily wounded.
The scorpion stings you but does no damage.
The scorpion stings you.
* * * LOW HITPOINT WARNING * * *
The orc wizard mumbles some strange words.
The orc wizard flickers and vanishes!
The scorpion attacks as you move away! The scorpion stings you.
* * * LOW HITPOINT WARNING * * *
The scorpion attacks as you move away! The scorpion stings you.
* * * LOW HITPOINT WARNING * * *
You hit the scorpion.
The scorpion is moderately wounded.
You block the scorpion's attack.
The scorpion stings you but does no damage.
You hit the scorpion.
The scorpion is heavily wounded.
The scorpion stings you but does no damage.
You hit the scorpion but do no damage.
The scorpion is heavily wounded.
You block the scorpion's attack.
You hit the scorpion.
The scorpion is almost dead.
The scorpion stings you.
You die...

Skill      XL: |  1  2  3  4  5  6 |
---------------+-------------------+-----
Shields        | 4 5 |  5.8
Maces & Flails | 3 4 5 |  5.2
Fighting       | |  3.2
Armour         | |  3.2

Action                     |  1- 3 |  4- 6 || total
---------------------------+-------+-------++-------
  Melee: Flail             |    94 |   234 ||   328
    Use: Potion            |       |     7 ||     7
         Scroll            |       |     8 ||     8
 Armour: Scale mail        |    40 |   166 ||   206
  Dodge: Dodged            |    35 |   132 ||   167
  Block: Buckler           |    52 |   169 ||   221
         Reflection        |       |     3 ||     3

Levels and vault maps discovered:
D:1:      eino_arrival_tree_alley, layout_basic,
          dreamdust_ecumenical_altar_angels_and_demons
D:2:      layout_loops_ring
D:3:      layout_rooms, serial_shops, shop
D:4:      black_bear_nest_2, layout_rooms, serial_demonic, serial_demonic_d,
          serial_demonic_g, serial_demonic_b, serial_demonic_c,
          minmay_shop_grid_forest, serial_bayou_pond_c, uniq_crazy_yiuf_cottage,
          uniq_edmund

Notes
Turn   | Place    | Note
-------+----------+-------------------------------------------
     0 | D:1      | demibob the Gargoyle Fighter began the quest for the Orb.
     0 | D:1      | Reached XP level 1. HP: 14/14 MP: 1/1
   318 | D:1      | Reached XP level 2. HP: 19/19 MP: 2/2
   485 | D:1      | Found a faded altar of an unknown god.
   749 | D:2      | Reached skill level 4 in Shields
   749 | D:2      | Reached XP level 3. HP: 23/23 MP: 3/3
   910 | D:2      | Reached skill level 3 in Maces & Flails
   970 | D:2      | Reached XP level 4. HP: 24/28 MP: 4/4
  1141 | D:2      | Reached XP level 5. HP: 8/32 MP: 5/5
  1162 | D:2      | Reached skill level 5 in Shields
  1501 | D:2      | Identified a potion of resistance
  1530 | D:3      | Found Saamea Ceky's Distillery.
  1547 | D:3      | Reached skill level 4 in Maces & Flails
  1684 | D:3      | Reached XP level 6. HP: 37/37 MP: 6/6
  2324 | D:4      | Reached skill level 5 in Maces & Flails
  2445 | D:4      | HP: 3/37 [scorpion (4)]
  2449 | D:4      | Slain by a scorpion

Vanquished Creatures
  A bullfrog (D:3)
  A hound (D:4)
  A quasit (D:4)
  12 gnolls
  3 adders
  2 white imps (D:4)
  An ufetubus (D:4)
  2 worms
  A dart slug (D:3)
  An orc (D:4)
  4 ball pythons
  8 endoplasms
  2 giant cockroaches (D:1)
  3 goblins
  14 hobgoblins
  2 jackals (D:3)
  3 quokkas
  3 bats
  2 frilled lizards
  2 kobolds
  9 rats
77 creatures vanquished.

Table legend: (Time is in decaauts)
 A = Elapsed time spent in this place.
 B = Non-inter-level travel time spent in this place.
 C = Inter-level travel time spent in this place.
 D = Time resting spent in this place.
 E = Time spent auto-exploring this place.
 F = Levels seen in this place.
 G = Mean time per level.
                   A        B        C        D        E       F      G
               +--------+--------+--------+--------+--------+-----+--------+
         Total |   2527 |   2474 |     53 |    285 |   1534 |   4 |  631.8 |
       Dungeon |   2527 |   2474 |     53 |    285 |   1534 |   4 |  631.8 |
               +--------+--------+--------+--------+--------+-----+--------+

Top non-repeatable levels by time:
     D:2: 817 daAuts
     D:1: 746 daAuts
     D:3: 613 daAuts
     D:4: 350 daAuts

Table legend:
 A = Non-vault XP
 B = Vault XP
 C = Vault XP percentage of total XP
 D = Non-vault monster count
 E = Vault monster count
 F = Vault count percentage of total count
                 A         B        C        D         E       F
            +---------+---------+-------+---------+---------+-------
      Total |     439 |      71 |  13.9 |      73 |       4 |   5.2
            +---------+---------+-------+---------+---------+-------
        D:1 |      25 |       0 |   0.0 |      16 |       0 |   0.0
        D:2 |     170 |       0 |   0.0 |      28 |       0 |   0.0
        D:3 |     192 |       0 |   0.0 |      25 |       0 |   0.0
        D:4 |      52 |      71 |  57.7 |       4 |       4 |  50.0
            +---------+---------+-------+---------+---------+-------
